 Seeded DCSS version 0.30.1-9-gdf580d7c3d (webtiles) character file.

Game seed: 920673320228942481 (custom seed)

9 Psyclone the Magician (level 2, 21/21 HPs)
             Began as a Djinni Earth Elementalist on Oct 15, 2023.
             Quit the game on level 2 of the Dungeon.
             The game lasted 00:01:34 (1384 turns).

Psyclone the Magician (Djinni Earth Elementalist)   Turns: 1384, Time: 00:01:35

Health: 21/21      AC:  2    Str:  6    XL:     2   Next: 25%
Gold:   47         EV: 12    Int: 20    God:
                   SH:  0    Dex: 12

rFire   + + .        (no weapon)
rCold   x . .        (no shield)
rNeg    . . .        a - +0 robe
rPois   ∞            (helmet restricted)
rElec   .            (no cloak)
rCorr   .            (no gloves)
SInv    +            (boots unavailable)
Will    .....        (no amulet)
Stlth   ++           (no ring)
HPRegen 0.23/turn    (no ring)
MPRegen 0.00/turn

%: no passive effects
@: flying, studying Spellcasting
A: sickness immunity, fire resistance 2, cold vulnerability 1, float, innate
caster, HP casting, extra vitality 1, antennae 1, see invisible, clever 1,
evolution 1
a: no special abilities


You were on level 2 of the Dungeon.
You visited 1 branch of the dungeon, and saw 2 of its levels.

You collected 47 gold pieces.

Inventory:

Armour
 a - a +0 robe (worn)
Jewellery
 b - a ring of wizardry
Scrolls
 e - a scroll of teleportation {unknown}
 f - a scroll of amnesia {unknown}
 g - a scroll of fog {unknown}
Potions
 c - a potion of resistance {unknown}
 d - a potion of cancellation {unknown}


   Skills:
 - Level 2.1 Dodging
 - Level 1.5 Stealth
 + Level 3.1 Spellcasting


You knew the following spells:

 Your Spells              Type           Power      Damage    Failure   Level
a - Sandblast             Erth           30%        2d9       3%          1
b - Passwall              Tmut/Erth      12%        N/A       6%          2
c - Stone Arrow           Conj/Erth      30%        3d8       12%         3
d - Petrify               Tmut/Erth      15%        N/A       36%         4
Your spell library was empty.

Dungeon Overview and Level Annotations

Branches:
Dungeon (2/15) Zot: 10611

Altars:


Innate Abilities, Weirdness & Mutations

You are immune to sickness and miasma.
You are immune to poison.
Your flesh is very heat resistant. (rF++)
You are vulnerable to cold. (rC-)
You float through the air rather than walking.
You learn spells naturally, not from books.
Your magical power is your life essence.
You have superior vitality. (+4 MHP)
You have a pair of small antennae on your head.
You have supernaturally acute eyesight. (SInv)
Your mind is acute. (Int +4, Str/Dex -1)
You have hidden genetic potential.


Message History

There is an open door here.
There is an open door here.
There is an open door here.
You see here a +0 robe.
f - a scroll labelled ZYEMITRUNA
There is an open door here.
There is a large open door here.
There is a large open door here.
There is an open door here.
There is an open door here.
You reach down and open the door.
There is an open door here.
g - a scroll labelled YHOGOIFIEB
(D) Dungeon
Where to? (? - help)
There is a stone staircase leading down here.
You fly downwards.
There is a stone staircase leading up here.
A giant cockroach comes into view.
Found a spear.
A giant cockroach is nearby!
Casting: Sandblast (safe; 4% risk of failure)
Confirm with . or Enter, or press ? or * to list all spells.
Aiming: Sandblast (safe; 4% risk of failure)
Press: ? - help, Shift-Dir - straight line, f - giant cockroach
Aim: a giant cockroach (asleep, 100% to hit)
The blast of sand hits the giant cockroach!
You kill the giant cockroach!
You take 1 damage, and have 20/21 hp.
HP restored.
You see here a +0 spear.
Found a robe.
Health restored: 21 You feel a genetic drift.
A pair of antennae grows on your head! As you open the door, it creaks loudly!
Found a smoky amethyst potion.
Unknown command.
Unknown command.
Are you sure you want to abandon this character and quit the game? (Confirm with "yes".)

#.# ####.#######
#.........[#
#.†#.###.#.# +#
#..#.###.#.# ...
#..#...#.#.# ....
#..###...#.# .!...
######..###...#.##......
..........).....@'......
##.###........####......
##.###...# ..... #.#
#.#.# .... #.# #.#.# ...
#.###.#.## +# #........#
#.###.#<.# #........#


There were no monsters in sight!

Vanquished Creatures
  A dart slug (D:1)
  A giant cockroach (D:2)
  A goblin (D:1)
  3 ball pythons (D:1)
  A bat (D:1)
  A rat (D:1)
8 creatures vanquished.

Notes
Turn   | Place    | Note
-------+----------+-------------------------------------------
     0 | D:1      | Psyclone the Djinni Earth Elementalist began the quest for
                  | the Orb.
     0 | D:1      | Psyclone set off with the following spells memorised:
                  | Sandblast, Passwall, Stone Arrow, Petrify.
     0 | D:1      | Reached XP level 1. HP: 15/15 MP: 0/0
    86 | D:1      | Gained mutation: You have hidden genetic potential. [potion
                  | of mutation]
    86 | D:1      | Gained mutation: You have supernaturally acute eyesight.
                  | (SInv) [potion of mutation]
    86 | D:1      | Gained mutation: Your mind is acute. (Int +4, Str/Dex -1)
                  | [potion of mutation]
   296 | D:1      | Identified 3 scrolls of acquirement
   296 | D:1      | Acquired a manual of Spellcasting
   324 | D:1      | Acquired a manual of Spellcasting
   335 | D:1      | Acquired a manual of Spellcasting
   651 | D:1      | Reached XP level 2. HP: 20/21 MP: 0/0
   807 | D:1      | Reached skill level 3 in Spellcasting
  1379 | D:2      | Gained mutation: You have a pair of small antennae on your
                  | head. [hidden potential]
  1384 | D:2      | Quit the game

Illustrated notes

Levels and vault maps discovered:
D:1:      dpeg_arrival_orchard, layout_basic
D:2:      layout_loops_corners, uniq_natasha, uniq_crazy_yiuf_cottage

Skill      XL: |  1  2 |
---------------+-------+-----
Spellcasting   | 3 |  3.1
Dodging        | |  2.1
Stealth        | |  1.5

Action                     || total
---------------------------++-------
   Cast: Sandblast         ||     9
    Use: Scroll            ||     3
         Potion            ||     1
  Dodge: Dodged            ||     1
